Map: King's Cove LE

Players

Dave

  • Race: Protoss Protoss
  • League: Diamond
  • Spawn Location: 5:00

Isszul - Winner!

  • Race: Zerg Zerg
  • Spawn Location: 11:00

VOD

Have the link to the VOD?

Description

Time

  • Played on: Feb. 8, 2019, 11:07 a.m.
  • Length: 19:11
Show
View Real Time Build Order
Export as new Build Order

Dave Protoss 

Build Orders: Cannon Rush 

Get SALT Encoding   

  1  0:00  Probe  
  12  0:05  Probe  
  14  0:15  Probe  
  15  0:22  Pylon  
  15  0:40  Probe  
  15  0:41  Forge  
  16  1:06  Pylon  
  16  1:07  Pylon  
  16  1:15  Pylon  
  16  1:17  Pylon  
  16  1:20  Pylon  
  16  1:30  Photon Cannon  
  16  1:39  Pylon  
  16  1:47  Photon Cannon  
  16  1:50  Photon Cannon  
  16  2:03  Photon Cannon  
  15  2:15  Probe  
  16  2:16  Gateway  
  16  2:39  Photon Cannon  
  16  2:44  Probe  
  16  2:46  Assimilator  
  16  2:50  Assimilator  
  17  2:52  Probe  
  17  2:56  Photon Cannon  
  18  3:01  Photon Cannon  
  18  3:08  Probe  
  19  3:16  Cybernetics Core, Probe  
  19  3:24  Probe  
  20  3:33  Pylon  
  21  3:44  Probe  
  22  3:52  Probe  
  22  3:54  Pylon  
  22  4:02  Probe  
  23  4:04  Shield Battery  
  23  4:08  Shield Battery  
  24  4:20  Photon Cannon  
  23  4:31  Robotics Facility  
  23  4:46  Photon Cannon  
  23  4:51  Warp Gate  
  23  4:52  Pylon  
  23  5:02  Stalker  
  23  5:03  Robotics Facility  
  25  5:32  Stalker  
  27  5:44  Nexus  
  27  5:46  Pylon  
  27  6:09  Immortal  
  31  6:18  Photon Cannon  
  31  6:25  Shield Battery  
  31  6:29  Shield Battery  
  31  6:53  Immortal  
  29  7:02  Probe  
  34  7:10  Probe  
  34  7:13  Shield Battery  
  35  7:20  Probe  
  36  7:23  Probe  
  36  7:29  Photon Cannon  
  37  7:31  Probe  
  37  7:32  Probe  
  39  7:41  Probe x2  
  40  7:44  Pylon  
  40  7:46  Gateway  
  40  7:49  Probe  
  41  7:53  Immortal, Probe  
  43  8:05  Probe  
  48  8:07  Probe  
  49  8:14  Assimilator  
  49  8:15  Probe  
  49  8:16  Assimilator  
  49  8:17  Probe  
  51  8:23  Probe  
  51  8:29  Pylon, Probe  
  51  8:31  Stalker  
  51  8:33  Probe  
  55  8:40  Immortal  
  60  8:45  Probe  
  60  8:46  Probe  
  62  8:55  Protoss Shields Level 1  
  62  8:57  Probe  
  62  9:01  Twilight Council  
  63  9:04  Pylon  
  63  9:14  Shield Battery x2  
  63  9:19  Blink  
  63  9:24  Stalker  
  63  9:25  Stalker  
  63  9:30  Observer  
  68  9:48  Stalker x2  
  72  9:57  Gateway  
  72  10:00  Gateway x2  
  66  10:26  Stalker x2  
  70  11:01  Robotics Bay  
  70  11:02  Stalker x2  
  70  11:03  Protoss Ground Weapons Level 1, Stalker x2  
  78  11:09  Pylon x2, Charge  
  78  11:11  Pylon  
  78  11:31  Colossus  
  74  11:40  Extended Thermal Lance  
  74  11:41  Stalker x5  
  90  11:59  Observer  
  90  12:00  Gateway  
  90  12:02  Gateway  
  90  12:04  Stalker  
  90  12:05  Stalker x4  
  90  12:07  Pylon  
  100  12:22  Observer  
  101  12:43  Colossus  
  105  12:54  Nexus  
  103  13:32  Zealot x3  
  109  13:51  Gravitic Boosters  
  109  13:54  Protoss Shields Level 2  
  109  14:02  Pylon  
  109  14:03  Pylon x2  
  109  14:04  Pylon  
  109  14:06  Pylon  
  109  14:08  Pylon  
  109  14:10  Pylon  
  109  14:11  Dark Shrine, Zealot x7  
  109  14:12  Assimilator  
  122  14:22  Probe  
  122  14:30  Probe  
  124  14:40  Probe  
  125  14:46  Photon Cannon  
  125  14:48  Photon Cannon  
  125  14:50  Photon Cannon  
  125  14:52  Photon Cannon, Probe  
  126  14:55  Assimilator  
  126  14:56  Photon Cannon  
  126  14:57  Photon Cannon  
  126  14:59  Shield Battery  
  126  15:01  Shield Battery  
  126  15:04  Probe  
  127  15:07  Colossus  
  133  15:18  Photon Cannon  
  133  15:20  Shield Battery  
  127  15:35  Zealot x3  
  125  15:36  Zealot  
  125  15:41  Probe  
  118  15:43  Probe x2  
  118  15:49  Probe  
  121  15:54  Probe  
  122  15:58  Probe  
  122  15:59  Probe  
  125  16:07  Probe  
  125  16:10  Probe  
  125  16:15  Probe  
  127  16:20  Probe  
  129  16:26  Probe  
  129  16:28  Probe  
  131  16:36  Pylon  
  131  16:37  Probe  
  131  16:39  Probe  
  132  16:40  Photon Cannon  
  133  16:58  Dark Templar  
  133  16:59  Dark Templar x2  
  139  17:03  Probe  
  139  17:04  Probe  
  141  17:10  Archon  
  141  17:11  Probe  
  141  17:13  Dark Templar  
  144  17:21  Probe  
  145  17:31  Archon  
  145  17:33  Dark Templar x3  
  145  17:34  Dark Templar  
  153  17:37  Archon  
  153  17:38  Archon  
  44  18:34  Zealot x4  
  44  18:35  Zealot  
Show
View Real Time Build Order
Export as new Build Order

Isszul Zerg - Winner!

Build Orders: Hatch First 

Get SALT Encoding   

  12  0:01  Drone  
  13  0:16  Overlord  
  13  0:21  Drone  
  14  0:35  Drone x2  
  16  0:41  Drone  
  17  0:54  Hatchery  
  17  0:56  Drone  
  17  1:02  Drone  
  18  1:13  Drone  
  19  1:39  Spawning Pool  
  18  1:40  Drone x2  
  20  2:03  Drone x2  
  22  2:11  Drone x2  
  19  2:30  Spine Crawler, Drone x2  
  20  2:40  Extractor  
  20  2:43  Drone  
  20  3:01  Spine Crawler, Queen  
  20  3:20  Overlord x2  
  20  3:26  Roach Warren  
  19  3:53  Zergling x6  
  19  3:54  Zergling x6  
  21  4:27  Roach x2  
  21  4:28  Roach x4  
  21  4:31  Extractor  
  31  4:43  Roach x2  
  31  5:06  Drone x4  
  34  5:31  Drone  
  34  5:32  Drone  
  36  5:44  Overlord x3  
  36  5:52  Hatchery  
  36  5:53  Drone  
  36  6:05  Drone  
  36  6:06  Drone x5  
  36  6:08  Queen  
  44  6:11  Drone  
  44  6:16  Drone  
  46  6:18  Drone  
  46  6:24  Spore Crawler  
  46  6:31  Lair  
  46  6:37  Spore Crawler  
  45  6:44  Overlord x2  
  41  7:02  Drone x4  
  41  7:03  Extractor, Drone x3  
  41  7:08  Evolution Chamber  
  46  7:10  Drone x2  
  48  7:16  Overlord  
  48  7:21  Drone x2  
  50  7:23  Drone  
  51  7:33  Hydralisk Den  
  51  7:34  Drone  
  51  7:36  Drone x3  
  54  7:39  Zergling x4  
  54  7:41  Overlord  
  56  7:45  Drone x2  
  58  7:53  Zerg Missile Weapons Level 1  
  58  7:56  Ravager x4  
  62  7:58  Roach  
  62  7:59  Roach  
  66  8:06  Roach x3  
  66  8:10  Queen  
  74  8:14  Hydralisk  
  74  8:19  Hydralisk  
  76  8:21  Hydralisk  
  80  8:27  Hydralisk x2  
  80  8:33  Grooved Spines  
  84  8:39  Hydralisk x2  
  88  8:43  Drone x2  
  90  8:55  Overlord x5  
  90  9:11  Overlord x3  
  90  9:19  Spore Crawler  
  90  9:22  Ravager x3  
  90  9:24  Zergling x10  
  94  9:25  Zergling x8  
  94  9:26  Zergling x2  
  94  9:29  Ravager  
  103  9:35  Overseer  
  103  9:44  Muscular Augments  
  102  9:46  Hydralisk  
  102  9:51  Roach x2  
  102  9:52  Roach  
  110  9:53  Overlord x3  
  109  10:07  Hydralisk x2  
  104  10:26  Roach x4  
  104  10:27  Roach x3  
  105  10:45  Roach x6  
  117  10:52  Drone x2  
  117  10:59  Hydralisk x2  
  117  11:00  Hatchery  
  120  11:05  Drone  
  120  11:06  Drone  
  122  11:11  Drone x2  
  122  11:14  Ravager x2  
  121  11:26  Ravager  
  122  11:36  Hydralisk x2  
  123  11:44  Overlord x4  
  123  11:46  Zergling x10  
  123  11:47  Zergling x2  
  129  11:48  Ravager  
  131  11:54  Ravager  
  131  11:56  Overlord x4  
  131  11:57  Overlord  
  131  12:08  Extractor x3, Drone  
  129  12:09  Drone x4  
  129  12:10  Drone x2  
  129  12:12  Queen, Drone  
  129  12:15  Ravager x2  
  140  12:23  Metabolic Boost  
  140  12:35  Overlord x2  
  140  12:38  Zerg Missile Weapons Level 2  
  135  12:47  Hydralisk x2  
  133  12:53  Zergling x20  
  133  12:54  Zergling x16  
  141  13:10  Zergling x14  
  141  13:12  Ravager x2  
  141  13:18  Hydralisk x6  
  150  13:28  Hydralisk, Infestation Pit  
  150  13:30  Overlord x2  
  150  13:31  Zergling x4  
  153  13:40  Hydralisk x3  
  153  13:41  Hydralisk  
  161  14:01  Drone x2  
  161  14:02  Drone  
  164  14:06  Drone  
  164  14:07  Drone x6  
  164  14:08  Drone x6  
  171  14:24  Evolution Chamber  
  171  14:25  Hive  
  170  14:33  Extractor x2  
  170  14:37  Ravager  
  169  14:39  Extractor  
  169  14:40  Overseer  
  169  14:41  Overseer  
  169  14:43  Extractor, Hatchery, Hydralisk  
  169  14:44  Hydralisk x7  
  181  15:11  Zerg Ground Armor Level 1  
  175  15:34  Hydralisk  
  175  15:35  Hydralisk x7  
  174  15:36  Hydralisk x8  
  196  15:44  Spine Crawler  
  196  15:45  Spine Crawler  
  196  15:46  Spine Crawler  
  196  15:47  Spine Crawler  
  196  15:48  Spine Crawler  
  186  15:53  Spine Crawler  
  186  15:56  Viper x2  
  190  16:01  Spore Crawler  
  190  16:03  Overseer  
  189  16:06  Spine Crawler  
  189  16:09  Drone  
  189  16:10  Drone x2  
  191  16:20  Zerg Missile Weapons Level 3  
  191  16:27  Spore Crawler  
  191  16:31  Zergling x12  
  196  16:38  Ultralisk Cavern  
  195  17:20  Roach x5  
  199  17:23  Adrenal Glands  
  199  17:25  Chitinous Plating  
  199  17:56  Hatchery  
  120  18:33  Hydralisk x6  
  120  18:34  Hydralisk  
  124  18:35  Zergling x16  
  124  18:36  Zergling x30  
Tags
 
Add a new tag
Caveats
  • Supply blocks, unpowered buildings, or Contaminate may cause inaccurate times.
  • Supply counts are checked every 10 seconds.